 Dungeon Crawl Stone Soup version 0.29-a0-275-g389c0b56f3 (webtiles) character file.

Game seed: 15683691968057249748

38 sammy202020 the Covered (level 3, -2/24 HPs)
             Began as a Gargoyle Fighter on Mar 9, 2022.
             Killed from afar by Sigmund (6 damage)
             ... with a puff of flame
             ... on level 2 of the Dungeon.
             The game lasted 00:02:05 (1892 turns).

sammy202020 the Covered (Gargoyle Fighter)          Turns: 1892, Time: 00:02:06

Health: -2/24      AC: 10    Str: 19    XL:     3   Next: 43%
Magic:  3/3        EV:  9    Int: 10    God:
Gold:   65         SH:  4    Dex:  9    Spells: 2/2 levels left

rFire   . . .      SeeInvis .   a - +0 flail
rCold   . . .      Faith    .   c - +0 buckler
rNeg    + . .      Spirit   .   b - +0 scale mail
rPois   ∞          Reflect  .   (no helmet)
rElec   +          Harm     .   (no cloak)
rCorr   .          Rampage  .   (no gloves)
Will    .....                   (no boots)
Stlth   ..........              (no amulet)
HPRegen 0.08/turn               (no ring)
MPRegen 0.08/turn               (no ring)

@: mighty
A: sickness immunity, AC +3, negative energy resistance 1, electricity
resistance, torment resistance 1, petrification resistance
a: no special abilities


You were on level 2 of the Dungeon.
You visited 1 branch of the dungeon, and saw 2 of its levels.

You collected 65 gold pieces.

Inventory:

Hand Weapons
 a - a +0 flail (weapon)
Armour
 b - a +0 scale mail (worn)
 c - a +0 buckler (worn)
Scrolls
 g - a scroll of fog {unknown}
 h - 2 scrolls of teleportation {unknown}
 i - 2 scrolls of identify {unknown}
Potions
 d - a potion of might
 e - a potion of curing
 f - a potion of attraction {unknown}


   Skills:
 * Level 3.7 Fighting
 * Level 2.4 Maces & Flails
 * Level 3.7 Armour
 + Level 0.4 Dodging
 * Level 3.7 Shields


You had 2 spell levels left.
You didn't know any spells.
Your spell library contained the following spells:

 Spells                   Type           Power      Damage    Failure   Level
 Scorch                   Fire           0%         2d5       91%         2
 Flame Wave               Conj/Fire      0%         2d4       100%        4
 Summon Cactus Giant      Summ           0%         N/A       100%        6


Dungeon Overview and Level Annotations

Branches:
Dungeon (2/15)

Altars:
Makhleb

Annotations:
D:2 Sigmund


Innate Abilities, Weirdness & Mutations

You are immune to sickness and miasma.
Your stone body is resilient. (AC +3)
You are immune to poison.
You resist negative energy. (rN+)
You are resistant to electric shocks. (rElec)
You are resistant to unholy torment.
You are immune to petrification.


Message History

Sigmund is moderately wounded.
Sigmund closely misses you. The rat barely misses you.
You closely miss Sigmund.
Sigmund is moderately wounded.
Sigmund gestures wildly while chanting.
Sigmund flickers and vanishes!
Deactivating autopickup; reactivate with Ctrl-A.
The rat barely misses you.
You hit the rat.
You kill the rat!
You hear some strange, mumbled words.
A magic dart appears from out of thin air!
The magic dart hits you!
The ball python bites you but does no damage.
You block the ball python's attack. Something hits you.
You are too injured to fight recklessly!
Sorry, you're not good enough to have a special ability.
Sorry, you're not good enough to have a special ability.
It was a potion of curing.
You feel better. The ball python barely misses you.
You block the ball python's attack.
You feel very mighty all of a sudden.
You hear some strange, mumbled words.
A puff of flame appears from out of thin air!
The puff of flame hits you. You block the ball python's attack.
The ball python closely misses you.
You hit something.
The ball python bites you but does no damage.
The ball python grabs you. The ball python constricts you. Something hits you.
You block the ball python's attack. The ball python constricts you.
You sock the ball python!
You kill the ball python!
Something hits you.
* * * LOW HITPOINT WARNING * * *
You barely miss something. You block something's attack.
You miss something. Something hits you but does no damage.
You hit something.
You hear some strange, mumbled words.
A puff of flame appears from out of thin air!
The puff of flame hits you.
You die...

##### #....#
....P .
###...♣≈≈≈
#..P.≈≈≈♣
#.@†.♣
#.♣{.P♣
#.#.P...≈♣
#.#..P..P≈
#.#.##P..P
#########.#.#
#...
..........#.#
...
########..#.#
.. #..#.#


There were no monsters in sight!

Vanquished Creatures
  An adder (D:2)
  A dart slug (D:2)
  2 endoplasms (D:1)
  A giant cockroach (D:1)
  2 hobgoblins
  2 quokkas (D:2)
  8 ball pythons
  3 bats
  A frilled lizard (D:2)
  3 goblins
  A kobold (D:1)
  2 rats
27 creatures vanquished.

Notes
Turn   | Place    | Note
-------+----------+-------------------------------------------
     0 | D:1      | sammy202020 the Gargoyle Fighter began the quest for the
                  | Orb.
     0 | D:1      | Reached XP level 1. HP: 14/14 MP: 1/1
   298 | D:1      | Found a faded altar of an unknown god.
   330 | D:1      | Reached XP level 2. HP: 15/19 MP: 2/2
  1515 | D:2      | Reached XP level 3. HP: 23/23 MP: 3/3
  1737 | D:2      | Found a burning altar of Makhleb.
  1881 | D:2      | Noticed Sigmund
  1892 | D:2      | Killed from afar by Sigmund

Illustrated notes

Levels and vault maps discovered:
D:1:      kennysheep_arrival_forest, layout_basic,
          shapermc_ecumenical_altar_notcrosses, hangedman_decor_clover_reticule,
          eino_curves_04
D:2:      layout_basic, serial_shops, shop_statue, basic_altar,
          serial_bayou_pond_a, uniq_jessica, uniq_sigmund

Action                   || total
-------------------------++-------
Melee: Flail             ||    86
  Use: Potion            ||     2
Armor: Scale mail        ||    56
Dodge: Dodged            ||    52
Block: Buckler           ||    19

Table legend: (Time is in decaauts)
 A = Elapsed time spent in this place.
 B = Non-inter-level travel time spent in this place.
 C = Inter-level travel time spent in this place.
 D = Time resting spent in this place.
 E = Time spent auto-exploring this place.
 F = Levels seen in this place.
 G = Mean time per level.
                   A        B        C        D        E       F      G
               +--------+--------+--------+--------+--------+-----+--------+
         Total |   1920 |   1844 |     76 |      0 |   1635 |   2 |  960.0 |
       Dungeon |   1920 |   1844 |     76 |      0 |   1635 |   2 |  960.0 |
               +--------+--------+--------+--------+--------+-----+--------+

Top non-repeatable levels by time:
     D:1: 1157 daAuts
     D:2: 763 daAuts
